 Dungeon Crawl Stone Soup version 0.22.1-1-ga44c0e56f4 (webtiles) character file.

45 BushDid911 the Skirmisher (level 3, -2/43 HPs)
             Began as a Demonspawn Fighter on Sept 19, 2018.
             Slain by a goblin (5 damage)
             ... led by Robin
             ... on level 2 of the Dungeon.
             The game lasted 00:03:37 (827 turns).

BushDid911 the Skirmisher (Demonspawn Fighter)       Turns: 827, Time: 00:03:37

Health: -2/43      AC: 21    Str: 16    XL:     3   Next: 42%
Magic:  3/3        EV:  2    Int: 11    God:
Gold:   168        SH: 11    Dex: 18    Spells: 2/2 levels left

rFire    . . .     SeeInvis .   r - +0 short sword
rCold    . . .     Gourm    .   c - +0 shield
rNeg     + + +     Faith    .   (armour currently unavailable)
rPois    +         Spirit   .   (helmet currently unavailable)
rElec    .         Reflect  +   (cloak currently unavailable)
rCorr    .         Harm     .   (gloves currently unavailable)
MR       .....     Clarity  +   (boots currently unavailable) Stlth +++.......NoTele +
                                e - +2 amulet of reflection
HPRegen  0.14/turn              (no ring)
MPRegen  0.08/turn              (no ring)

@: agile, tree-form
A: clarity, clever 1
a: no special abilities


You were on level 2 of the Dungeon.
You were not hungry.
You were a tree.
You visited 1 branch of the dungeon, and saw 2 of its levels.

You collected 168 gold pieces.

Inventory:

Hand Weapons
 a - a +0 long sword
 r - a +0 short sword (weapon)
Missiles
 g - 5 tomahawks (quivered)
 m - 11 sling bullets
Armour
 b - a +0 scale mail (melded)
 c - a +0 shield (worn)
Jewellery
 e - a +2 amulet of reflection (around neck)
Scrolls
 i - a scroll of enchant armour {unknown}
 k - a scroll of enchant weapon {unknown}
 p - a scroll of amnesia {unknown}
Potions
 d - a potion of might
Comestibles
 f - 4 rations
 q - a chunk of flesh


   Skills:
 * Level 3.3 Fighting
 + Level 2.1 Long Blades
 * Level 3.1 Armour
 + Level 0.4 Dodging
 * Level 3.1 Shields


You had 2 spell levels left.
You didn't know any spells.
Your spell library was empty.

Dungeon Overview and Level Annotations

Branches:
Dungeon (2/15)

Altars:

Annotations:
D:2 Robin


Innate Abilities, Weirdness & Mutations

((You have a pair of small antennae on your head.))
((You have sharp fingernails.))
You possess an exceptional clarity of mind.
Your mind is acute. (Int +2)


Message History

The hobgoblin is heavily wounded.
The hobgoblin hits you but does no damage.
You block the goblin's attack. You block Robin's attack.
You closely miss the hobgoblin.
The hobgoblin is heavily wounded.
The hobgoblin hits you but does no damage.
You block the goblin's attack. Robin hits you but does no damage.
You hit the hobgoblin but do no damage.
The hobgoblin is heavily wounded.
You block the hobgoblin's attack. The goblin hits you but does no damage.
Robin hits you but does no damage.
Your shield prevents you from hitting the hobgoblin.
The hobgoblin is heavily wounded.
The hobgoblin hits you but does no damage.
The goblin hits you but does no damage. Robin completely misses you.
You barely miss the hobgoblin.
The hobgoblin is heavily wounded.
The hobgoblin no longer looks unusually strong.
You block the hobgoblin's attack. The goblin hits you.
You die...

#.#####.#.#.#..#(#.###.#
#................)......
#.....#.....#.##.#......
##.##.#.....#.......##.#
#.##.#.#.#.#...)......#
#.##.#.#.#.#........#.#
######>.......g.....<........
............#.#.#.##.#.###.#.
.#######...##.#.♣g...#... #
#...##.###g########
#...##.gg.g........
#...##g.##.##....#
#...##.{#........#
#...##..#........#
#...##..#........#
#...##..#........#
#..##.........


You could see Robin, a hobgoblin and 2 goblins.

Vanquished Creatures
  An adder (D:2)
  A worm (D:2)
  A leopard gecko (D:1)
  3 bats
  A giant cockroach (D:2)
  10 goblins
  4 hobgoblins
  3 frilled lizards (D:1)
  3 kobolds
  4 rats (D:1)
31 creatures vanquished.

Notes
Turn   | Place    | Note
-------+----------+-------------------------------------------
     0 | D:1      | BushDid911 the Demonspawn Fighter began the quest for the
                  | Orb.
     0 | D:1      | Reached XP level 1. HP: 18/18 MP: 1/1
   211 | D:1      | Gained mutation: You have sharp fingernails. [demonic
                  | ancestry]
   211 | D:1      | Reached XP level 2. HP: 22/24 MP: 2/2
   655 | D:2      | Gained mutation: You have a pair of small antennae on your
                  | head. [demonic ancestry]
   655 | D:2      | Reached XP level 3. HP: 25/29 MP: 3/3
   793 | D:2      | Noticed Robin
   810 | D:2      | Gained mutation: You possess an exceptional clarity of
                  | mind. [potion of mutation]
   810 | D:2      | Gained mutation: Your mind is acute. (Int +2) [potion of
                  | mutation]
   820 | D:2      | HP: 2/43 [Robin/spear of piercing (1)]
   827 | D:2      | Slain by a goblin

Skill      XL: |  1  2 |
---------------+-------+-----
Long Blades    | 2 |  2.1
Shields        | 3 |  3.1
Armour         | 3 |  3.1
Fighting       | |  3.3
Dodging        | |  0.4

Action                   || total
-------------------------++-------
Melee: Long sword        ||    16
       Dagger            ||   115
       Short sword       ||    25
  Use: Potion            ||     4
Armor: Scale mail        ||    57
       Skin              ||    15
Dodge: Dodged            ||    37
Block: Shield            ||   109
       Reflection        ||     1
